 Dungeon Crawl Stone Soup version 0.28-a0-1038-g9c4cb8273d (webtiles) character file.

Game seed: 5939885742246229597

152 siradein the Skirmisher (level 5, 0/53 HPs)
             Began as a Troll Fighter on Dec 8, 2021.
             Killed from afar by Sigmund (6 damage)
             ... with a magic dart
             ... on level 3 of the Dungeon.
             The game lasted 00:02:29 (1753 turns).

siradein the Skirmisher (Troll Fighter)             Turns: 1753, Time: 00:02:30

Health: 0/53       AC:  5    Str: 24    XL:     5   Next: 11%
Magic:  4/4        EV:  8    Int:  4    God:
Gold:   91         SH:  7    Dex: 11    Spells: 4/4 levels left

rFire   . . .      SeeInvis .   a - +0 flail
rCold   . . .      Faith    .   c - +0 kite shield
rNeg    . . .      Spirit   .   b - +0 robe
rPois   .          Reflect  .   (helmet restricted)
rElec   .          Harm     .   q - +0 cloak
rCorr   .          Rampage  .   (gloves unavailable)
Will    .....                   (boots unavailable)
Stlth   +.........              (no amulet)
HPRegen 0.97/turn               (no ring)
MPRegen 0.09/turn               (no ring)

@: no status effects
A: large, unfitting armour, claws 3, regeneration 1, shaggy fur 1, tough skin 1
a: no special abilities


You were on level 3 of the Dungeon.
You visited 1 branch of the dungeon, and saw 3 of its levels.

You collected 91 gold pieces.

Inventory:

Hand Weapons
 a - a +0 flail (weapon)
Missiles
 i - 9 poisoned darts (quivered)
 l - a throwing net
Armour
 b - a +0 robe (worn)
 c - a +0 kite shield (worn)
 q - a +0 cloak (worn)
Wands
 p - a wand of flame (15)
Scrolls
 e - a scroll of identify {unknown}
 f - a scroll of blinking {unknown}
 n - a scroll of teleportation {unknown}
 o - a scroll of enchant armour {unknown}
Potions
 d - a potion of might
 g - 2 potions of lignification {unknown}
 h - a potion of haste {unknown}
 j - a potion of degeneration {unknown}
 k - a potion of heal wounds {unknown}
 m - 2 potions of mutation {unknown}


   Skills:
 + Level 3.2 Fighting
 + Level 2.8 Maces & Flails
 + Level 3.2 Dodging
 + Level 3.1 Shields


You had 4 spell levels left.
You didn't know any spells.
Your spell library was empty.

Dungeon Overview and Level Annotations

Branches:
Dungeon (3/15)

Altars:

Shops:
D:2 ((=*

Annotations:
D:3 Sigmund


Innate Abilities, Weirdness & Mutations

You are too large for most types of armour.
You have claws for hands.
Your natural rate of healing is unusually fast.
You are covered in fur. (AC +1)
You have tough skin. (AC +1)


Message History

You closely miss something.
You hear a zap.
A puff of flame appears from out of thin air!
The puff of flame misses you.
You miss something. Something completely misses you.
You hit something but do no damage.
You hear a zap.
A puff of flame appears from out of thin air!
The puff of flame hits you but does no damage.
You closely miss something. Something hits you but does no damage.
You closely miss something. Something hits you but does no damage.
The orc barely misses you.
You sock something! Something hits you.
The orc hits you from afar with a +0 trident.
You hit something.
Sigmund appears from thin air!
Reactivating autopickup.
Sigmund zaps a wand.
The puff of flame hits you. You block the orc's attack.
Sigmund zaps a wand.
The puff of flame hits you! The orc hits you but does no damage.
You hit Sigmund but do no damage.
Sigmund is heavily wounded.
Sigmund hits you with a +0 scythe.
* * * LOW HITPOINT WARNING * * *
The orc hits you from afar with a +0 trident.
* * * LOW HITPOINT WARNING * * *
You thump Sigmund!
Sigmund is almost dead.
The orc hits you but does no damage. Sigmund closely misses you.
You closely miss Sigmund.
Sigmund is almost dead.
The orc closely misses you. You block Sigmund's attack.
The orc hits you from afar with a +0 trident.
* * * LOW HITPOINT WARNING * * *
You completely miss Sigmund.
Sigmund is almost dead.
The orc hits you from afar with a +0 trident.
* * * LOW HITPOINT WARNING * * *
Sigmund casts a spell at you. The magic dart hits you.
You die...

# ..#
#########....
###............
#(o............
#@######.o##...
#@# ..... #.#
.......
#####+##.#
.......
#......).#
#@.....
#........#
.###..
#........# ##
..
#........#####
#........'..<#
#........#####


You could see Sigmund and an orc.

Vanquished Creatures
  Crazy Yiuf (D:2)
  Natasha (thrice) (D:2)
  An adder (D:2)
  2 worms (D:2)
  A dart slug (D:1)
  An orc (D:3)
  3 ball pythons
  4 bats (D:1)
  6 endoplasms
  4 goblins (D:1)
  2 hobgoblins (D:1)
  2 quokkas
  2 frilled lizards (D:1)
  2 kobolds
  2 rats
36 creatures vanquished.

Notes
Turn   | Place    | Note
-------+----------+-------------------------------------------
     0 | D:1      | siradein the Troll Fighter began the quest for the Orb.
     0 | D:1      | Reached XP level 1. HP: 22/22 MP: 0/0
   174 | D:1      | Reached XP level 2. HP: 29/29 MP: 1/1
   698 | D:2      | Noticed Natasha
   710 | D:2      | Killed Natasha
   711 | D:2      | Reached XP level 3. HP: 8/36 MP: 2/2
   810 | D:2      | Found Ystron's Weapon Shoppe.
   860 | D:2      | Found Girro's Assorted Antiques.
   866 | D:2      | Noticed Natasha
   876 | D:2      | Killed Natasha
   877 | D:2      | Reached XP level 4. HP: 30/44 MP: 3/3
   972 | D:2      | Found a runed translucent door.
   973 | D:2      | Noticed Crazy Yiuf
  1041 | D:2      | Found Maog's Jewellery Boutique.
  1041 | D:2      | Noticed Natasha
  1184 | D:2      | Killed Natasha
  1395 | D:2      | Found Hicituec's Weapon Emporium.
  1631 | D:2      | Killed Crazy Yiuf
  1632 | D:2      | Reached XP level 5. HP: 19/53 MP: 4/4
  1713 | D:3      | Noticed Sigmund
  1753 | D:3      | Killed from afar by Sigmund

Illustrated notes

Levels and vault maps discovered:
D:1:      wander_arrival_abandoned_jail, layout_basic, st_stairs_8
D:2:      layout_loops_ring, serial_shops, nicolae_shop_trees,
          nicolae_shop_bloodbath_and_beyond, nicolae_shop_hallway_stairs,
          nicolae_shop_hallway_stairs, uniq_natasha, uniq_crazy_yiuf_cottage
D:3:      layout_basic, nicolae_kikubaaqudgha_miasma_corner,
          nicolae_ecumenical_lake_church, uniq_robin, uniq_sigmund, uniq_ijyb

Skill      XL: |  1  2  3  4 |
---------------+-------------+-----
Maces & Flails | 2 |  2.8
Fighting       | 3 |  3.2
Dodging        | 3 |  3.2
Shields        | 3 |  3.1

Action                   |  1- 3 |  4- 6 || total
-------------------------+-------+-------++-------
Melee: Flail             |    96 |    78 ||   174
Throw: Dart              |       |     1 ||     1
 Stab: Sleeping          |     1 |       ||     1
       Invisible         |       |     1 ||     1
Armor: Robe              |    51 |    19 ||    70
Dodge: Dodged            |    48 |    31 ||    79
Block: Kite shield       |    40 |    26 ||    66

Table legend: (Time is in decaauts)
 A = Elapsed time spent in this place.
 B = Non-inter-level travel time spent in this place.
 C = Inter-level travel time spent in this place.
 D = Time resting spent in this place.
 E = Time spent auto-exploring this place.
 F = Levels seen in this place.
 G = Mean time per level.
                   A        B        C        D        E       F      G
               +--------+--------+--------+--------+--------+-----+--------+
         Total |   1867 |   1822 |     45 |    105 |   1249 |   3 |  622.3 |
       Dungeon |   1867 |   1822 |     45 |    105 |   1249 |   3 |  622.3 |
               +--------+--------+--------+--------+--------+-----+--------+

Top non-repeatable levels by time:
     D:2: 1064 daAuts
     D:1: 730 daAuts
     D:3: 73 daAuts
